Map: Prion Terraces

Players

zod

  • Race: Protoss Protoss
  • League: Silver

Ahkul - Winner!

  • Race: Zerg Zerg
  • League: Silver

VOD

Have the link to the VOD?

Description

Time

  • Played on: Jan. 20, 2016, 2:26 p.m.
  • Length: 12:19
Show
View Real Time Build Order
Export as new Build Order

zod Protoss 

Build Orders:  

Get SALT Encoding   

  12  0:01  Probe (Chrono Boost)  
  13  0:11  Probe (Chrono Boost)  
  14  0:20  Pylon  
  14  0:22  Probe (Chrono Boost)  
  15  0:38  Probe (Chrono Boost)  
  15  0:40  Gateway  
  16  0:48  Probe (Chrono Boost)  
  17  0:52  Assimilator  
  17  0:59  Probe (Chrono Boost)  
  17  1:01  Pylon  
  18  1:10  Probe (Chrono Boost)  
  19  1:21  Probe (Chrono Boost)  
  20  1:30  Cybernetics Core  
  21  1:32  Probe (Chrono Boost)  
  21  1:49  Nexus  
  21  1:54  Probe (Chrono Boost)  
  22  2:02  Forge  
  22  2:06  Warp Gate  
  22  2:12  Pylon  
  24  2:16  Mothership Core (Chrono Boost)  
  24  2:24  Assimilator  
  24  2:33  Pylon  
  24  2:34  Probe (Chrono Boost)  
  24  2:35  Adept  
  27  2:49  Probe (Chrono Boost), Photon Cannon  
  28  2:59  Probe (Chrono Boost)  
  28  3:02  Probe (Chrono Boost)  
  30  3:10  Probe (Chrono Boost)  
  30  3:12  Probe (Chrono Boost)  
  32  3:13  Protoss Ground Weapons Level 1 (Chrono Boost)  
  32  3:17  Adept  
  34  3:20  Probe (Chrono Boost)  
  34  3:23  Probe (Chrono Boost)  
  36  3:30  Gateway  
  36  3:33  Probe (Chrono Boost), Assimilator  
  39  4:02  Probe (Chrono Boost)  
  39  4:03  Probe (Chrono Boost)  
  39  4:11  Assimilator  
  39  4:13  Probe x2 (Chrono Boost)  
  41  4:20  Gateway  
  41  4:23  Probe (Chrono Boost), Pylon  
  42  4:29  Robotics Facility  
  42  4:32  Stargate  
  42  4:44  Probe (Chrono Boost), Photon Cannon  
  42  4:45  Probe (Chrono Boost)  
  44  5:01  Gateway  
  44  5:04  Gateway  
  44  5:05  Adept x2  
  48  5:07  Protoss Shields Level 1 (Chrono Boost)  
  48  5:11  Protoss Air Weapons Level 1  
  48  5:21  Phoenix  
  48  5:22  Warp Prism  
  52  5:34  Gateway x2  
  52  5:37  Stalker  
  52  5:38  Stalker  
  56  5:49  Twilight Council  
  56  5:53  Zealot, Pylon  
  56  5:55  Pylon  
  58  6:13  Observer  
  58  6:15  Void Ray  
  57  6:33  Adept  
  57  6:34  Observer  
  57  6:37  Zealot x3  
  57  6:38  Zealot  
  68  6:46  Pylon  
  68  6:50  Pylon  
  68  6:52  Pylon  
  68  6:56  Stalker, Immortal  
  74  7:04  Adept  
  74  7:05  Adept x2  
  80  7:23  Adept x4  
  80  7:47  Stalker  
  80  7:48  Stalker  
  82  7:57  Nexus  
  82  8:00  Probe  
  82  8:01  Assimilator  
  82  8:04  Probe  
  84  8:09  Resonating Glaives  
  84  8:15  Probe  
  84  8:19  Probe  
  86  8:20  Assimilator  
  86  8:41  Stalker x2  
  88  8:42  Stalker x2  
  88  8:43  Probe  
  95  9:00  Stargate  
  95  9:01  Pylon  
  95  9:08  Probe x2  
  96  9:10  Probe  
  98  9:18  Probe  
  98  9:19  Probe  
  98  9:22  Probe  
  101  9:29  Probe  
  102  9:34  Photon Cannon  
  102  9:36  Probe, Photon Cannon  
  102  9:37  Probe  
  104  9:58  Stalker x2  
  104  9:59  Stalker x2  
  110  10:03  Blink  
  110  10:14  Void Ray  
  110  10:19  Void Ray  
  108  10:26  Protoss Air Armor Level 1 (Chrono Boost)  
  108  10:38  Immortal  
  112  10:45  Dark Shrine  
  112  10:50  Robotics Bay  
  112  11:11  Void Ray, Photon Cannon  
  112  11:12  Void Ray  
  112  11:13  Photon Cannon  
  120  11:25  Pylon  
  120  11:26  Probe  
  120  11:27  Probe  
  120  11:28  Pylon x2  
  120  11:30  Probe, Pylon  
  123  11:49  Nexus  
  123  11:52  Assimilator  
  123  11:57  Observer  
Show
View Real Time Build Order
Export as new Build Order

Ahkul Zerg - Winner!

Build Orders: Pool First 

Get SALT Encoding   

  12  0:01  Drone  
  13  0:12  Drone  
  14  0:17  Overlord  
  14  0:35  Drone x2  
  16  0:37  Drone  
  17  0:45  Spawning Pool  
  17  0:49  Drone  
  17  0:59  Drone  
  18  1:07  Extractor  
  18  1:09  Overlord  
  17  1:18  Drone  
  18  1:33  Drone  
  18  1:36  Hatchery  
  18  1:40  Queen  
  20  1:48  Drone  
  21  2:03  Drone x2  
  23  2:14  Roach Warren  
  22  2:16  Queen  
  24  2:25  Zergling x4  
  26  2:39  Evolution Chamber  
  25  2:44  Drone  
  25  2:45  Drone  
  25  2:48  Drone  
  28  2:58  Lair, Queen  
  28  3:01  Metabolic Boost  
  28  3:05  Drone  
  31  3:07  Drone  
  31  3:10  Drone  
  33  3:28  Drone x3  
  33  3:32  Overlord x2  
  34  4:06  Zergling x8  
  34  4:07  Roach, Zergling x12  
  34  4:08  Glial Reconstitution, Roach  
  48  4:18  Drone x2  
  48  4:23  Extractor  
  47  4:43  Roach x2  
  47  4:44  Zergling x2  
  47  4:45  Overlord x2  
  52  4:46  Overlord  
  52  4:51  Zerg Missile Weapons Level 1  
  52  5:14  Drone x6  
  54  5:15  Drone x3  
  54  5:16  Drone  
  54  5:17  Hatchery  
  61  5:25  Queen  
  63  5:44  Zergling x2  
  63  5:45  Roach x3  
  63  5:46  Roach  
  72  5:53  Overlord x2  
  72  5:54  Overlord  
  72  5:59  Roach x2  
  75  6:34  Drone  
  75  6:35  Drone x2, Hydralisk Den  
  75  6:36  Drone  
  75  6:37  Drone  
  75  6:38  Zergling x10  
  75  6:39  Zergling x2  
  85  6:42  Extractor  
  85  6:45  Extractor  
  83  6:59  Evolution Chamber  
  82  7:12  Hydralisk x5  
  92  7:29  Overlord x5  
  85  7:48  Hydralisk x2  
  85  7:49  Hydralisk x3  
  95  7:58  Drone  
  95  7:59  Drone x5  
  95  8:00  Muscular Augments  
  101  8:26  Hatchery  
  100  8:31  Overlord x2  
  100  8:32  Overlord  
  100  8:33  Overlord x2  
  100  8:34  Overlord  
  100  8:45  Hydralisk x5  
  110  8:49  Roach  
  112  8:56  Drone  
  112  8:57  Drone x2  
  112  9:02  Drone x2  
  117  9:22  Hydralisk  
  117  9:23  Hydralisk x3  
  125  9:24  Zergling x2  
  125  9:26  Drone  
  127  9:51  Roach  
  127  9:52  Roach x8  
  145  9:57  Hydralisk  
  145  9:59  Roach  
  149  10:00  Roach  
  149  10:02  Drone  
  149  10:03  Drone  
  153  10:11  Drone x2  
  153  10:12  Drone x2  
  155  10:27  Hydralisk x5  
  167  10:28  Roach  
  167  10:48  Hydralisk x7  
  167  10:49  Roach  
  183  10:50  Roach  
  183  10:51  Overlord  
  185  11:23  Zergling x6  
  185  11:24  Zergling x14  
  195  11:26  Hydralisk x2  
  195  11:30  Hatchery  
  198  11:45  Infestation Pit  
  197  11:52  Hydralisk  
  197  11:53  Zergling x2  
Tags
 
Add a new tag
Caveats
  • Supply blocks, unpowered buildings, or Contaminate may cause inaccurate times.
  • Supply counts are checked every 10 seconds.